 Dungeon Crawl Stone Soup version 0.19-a0-892-g8a19e52 (webtiles) character file.

4482 mrath the Thaumaturge (level 10, -20/58 HPs)
             Began as a Gargoyle Earth Elementalist on July 5, 2016.
             Was a Follower of Vehumet.
             Demolished by a hill giant
             ... wielding a +0 giant club
              (41 damage)
             ... on level 11 of the Dungeon.
             The game lasted 01:02:17 (13088 turns).

mrath the Thaumaturge (GrEE)                       Turns: 13088, Time: 01:02:18

Health: -20/58     AC: 10    Str: 17    XL:     10   Next: 38%
Magic:  22/22      EV: 13    Int: 19    God:    Vehumet [*.....]
Gold:   317        SH:  0    Dex: 10    Spells: 3 memorised, 17 levels left

rFire  . . .     SeeInvis .     s - +1 dagger (venom)
rCold  . . .     Gourm    .     c - +0 robe
rNeg   + . .     Faith    .     (no shield)
rPois  ∞         Spirit   .     g - +0 helmet
rElec  +         Dismiss  .     (no cloak)
rCorr  .         Reflect  .     (no gloves)
SustAt .         Harm     .     (no boots)
MR     +....                    (no amulet)
Stlth  ++........               I - +5 ring of strength
                                u - ring of protection from magic

@: about to teleport, somewhat resistant to hostile enchantments, unstealthy
A: negative energy resistance 1, electricity resistance, unbreathing,
petrification resistance, rot immunity, AC +7
a: Renounce Religion


You were on level 11 of the Dungeon.
You worshipped Vehumet.
Vehumet was aware of your devotion.
You were not hungry.

You visited 2 branches of the dungeon, and saw 12 of its levels.

You collected 539 gold pieces.
You spent 222 gold pieces at shops.

Inventory:

Hand Weapons
 q - a +1 hand axe of chopping
 s - a +1 dagger of venom (weapon)
 v - a +0 hunting sling
 x - a +0 flail
 K - a +1 whip of draining
 M - a cursed -3 short sword
Missiles
 b - 135 stones
 l - 48 sling bullets
 w - 51 poisoned needles
 H - 4 tomahawks (quivered)
 O - an exploding tomahawk
Armour
 c - a +0 robe (worn)
 g - a +0 helmet (worn)
Jewellery
 u - a ring of protection from magic (left hand)
 I - a +5 ring of strength (right hand)
Wands
 o - a wand of flame (29/48)
 J - a wand of confusion (11/48)
 L - a wand of acid (9/15)
Scrolls
 f - 2 scrolls of fear
 h - a scroll of enchant armour {unknown}
 i - 5 scrolls of identify
 j - 9 scrolls of remove curse
 n - 5 scrolls of teleportation
 p - 2 scrolls of amnesia
 t - a scroll of blinking {unknown}
 y - 3 scrolls of enchant weapon
 B - a scroll of immolation {unknown}
 F - 2 scrolls of magic mapping
 G - 3 scrolls of fog
Potions
 k - 3 potions of curing
 m - a potion of flight
 r - a potion of might
 z - 2 potions of agility {unknown}
 D - a potion of brilliance {unknown}
 E - a potion of heal wounds {unknown}
Books
 a - a book of Party Tricks

   Spells                             Type                      Level
   a - Summon Butterflies             Summoning                    1
   b - Apportation                    Translocation                1
   c - Tukima's Dance                 Hexes                        3
   d - Alistair's Intoxication        Transmutation/Poison         5
   e - Invisibility                   Hexes                        6
 e - a book of Geomancy

   Spells                             Type                      Level
   a - Sandblast                      Earth                        1
   b - Passwall                       Transmutation/Earth          2
   c - Stone Arrow                    Conjuration/Earth            3
   d - Petrify                        Transmutation/Earth          4
   e - Lee's Rapid Deconstruction     Earth                        5
Comestibles
 d - 4 bread rations
 A - 4 meat rations
 C - 6 fruits
 N - 2 chunks of flesh
 P - a beef jerky


   Skills:
 + Level 4.6 Fighting
 + Level 4.1 Armour
 + Level 4.0 Dodging
 - Level 2.1 Stealth
 * Level 8.5 Spellcasting
 + Level 5.4 Conjurations
   Level 0.7 Transmutations
 + Level 8.2 Earth Magic
 + Level 3.7 Evocations


You had 17 spell levels left.
You knew the following spells:

 Your Spells              Type           Power        Failure   Level  Hunger
a - Sandblast             Erth           #####.       1%          1    None
b - Stone Arrow           Conj/Erth      ####..       1%          3    None
c - Lee's Rapid Deconstr  Erth           #####.....   12%         5    #####..


Dungeon Overview and Level Annotations

Branches:
Dungeon (12/15)            Temple (1/1) D:6
   Lair: D:8-11         Orc: D:9-12

Altars:
Ashenzari
Dithmenos
Elyvilon
Fedhas
Hepliaklqana
Kikubaaqudgha
Nemelex Xobeh
Okawaru
Qazlal
Ru
Sif Muna
Uskayaw
Vehumet
Xom
Yredelemnul

Shops:
D:5 ?


Innate Abilities, Weirdness & Mutations

You are resistant to torment.
Your stone body is resilient. (AC +7)
You are immune to poison.
You resist negative energy. (rN+)
You are resistant to electric shocks. (rElec)
You can survive without breathing.
You are immune to petrification.
You are immune to rotting.


Message History

The crocodile bites you. The wight closely misses you.
An orc wizard comes into view. It is wielding a dagger.
The orc warrior shouts!
The crocodile bites you!
The hill giant hits you but does no damage.
An orc comes into view. It is wielding a flail.
There is a stone staircase leading up here.
The crocodile bites you but does no damage.
The ogre barely misses you. The wight hits you with a flail.
You climb upwards.
You feel a wave of frost pass over you.
There is an entrance to an ice cave on this level.
Hurry and find it before the portal melts!
Found 7 gold pieces.
There is a stone staircase leading down here.
Unknown command.
As you read the scroll of teleportation, it crumbles to dust.
You feel strangely unstable.
The hill giant hits you with a giant club!!!
Ouch! That really hurt!
You die...

###
$....########.#
.....OC@tz....#
##...##########
##


You could see a hill giant, a crocodile, an ogre and a wight.

Vanquished Creatures
  A troll (D:9)
  Sigmund (D:6)
  A wyvern (D:8)
  A water moccasin (D:6)
  2 ice beasts
  An orc warrior (D:6)
  A sky beast (D:6)
  A black bear (D:9)
  A wasp (D:7)
  A necrophage (D:8)
  3 phantoms
  9 ogres
  2 centaurs
  3 giant frogs
  3 scorpions
  A jelly (D:3)
  7 killer bees
  6 crimson imps
  5 orc priests
  2 quasits
  A centaur zombie (D:6)
  A giant frog skeleton (D:6)
  9 orc wizards
  4 hounds
  Terence (D:2)
  Jessica (D:2)
  3 iguanas
  4 worker ants
  9 adders
  An adder zombie (D:7)
  An adder skeleton (D:6)
  2 worms
  5 dart slugs
  11 giant geckos
  36 orcs
  11 giant cockroaches
  4 goblins
  9 hobgoblins
  16 jackals
  2 quokkas
  3 ball pythons
  6 bats
  9 giant newts
  5 kobolds
  3 rats
209 creatures vanquished.

Notes
Turn   | Place    | Note
-------+----------+-------------------------------------------
     0 | D:1      | mrath the Gargoyle Earth Elementalist began the quest for the Orb.
     0 | D:1      | Reached XP level 1. HP: 10/10 MP: 3/3
   305 | D:1      | Reached XP level 2. HP: 15/15 MP: 2/5
   931 | D:1      | Reached XP level 3. HP: 19/19 MP: 1/7
  1226 | D:1      | Learned a level 3 spell: Stone Arrow
  1792 | D:2      | Noticed Jessica
  1805 | D:2      | Killed Jessica
  1805 | D:2      | Reached XP level 4. HP: 24/24 MP: 3/9
  2223 | D:2      | You fall through a shaft!
  2366 | D:2      | Noticed Terence
  2380 | D:2      | Killed Terence
  2380 | D:2      | Reached XP level 5. HP: 26/28 MP: 0/10
  2627 | D:3      | Noticed Sigmund
  2715 | D:2      | Reached skill level 5 in Earth Magic
  3608 | D:3      | Reached XP level 6. HP: 11/32 MP: 3/13
  3832 | D:3      | Reached skill level 1 in Conjurations
  3997 | D:3      | Reached skill level 5 in Spellcasting
  4757 | D:4      | Reached XP level 7. HP: 29/36 MP: 4/15
  5722 | D:5      | Entered Level 5 of the Dungeon
  5959 | D:5      | Reached skill level 1 in Armour
  5959 | D:5      | Reached XP level 8. HP: 19/42 MP: 9/17
  6150 | D:5      | Reached skill level 1 in Fighting
  6275 | D:5      | Found Wecserch's Magic Scroll Shop.
  6393 | D:5      | Bought a scroll of fog for 24 gold pieces
  6393 | D:5      | Bought a scroll of teleportation for 36 gold pieces
  6489 | D:5      | Reached skill level 1 in Evocations
  7528 | D:5      | Bought 2 scrolls of identify for 48 gold pieces
  7528 | D:5      | Bought a scroll of identify for 24 gold pieces
  7528 | D:5      | Bought a scroll of identify for 24 gold pieces
  7528 | D:5      | Bought a scroll of identify for 24 gold pieces
  7528 | D:5      | Bought a scroll of amnesia for 42 gold pieces
  8042 | D:6      | Found a staircase to the Ecumenical Temple.
  8051 | Temple   | Entered the Ecumenical Temple
  8101 | Temple   | Became a worshipper of Vehumet
  8182 | D:6      | Reached XP level 9. HP: 49/49 MP: 19/19
  8854 | D:6      | Killed Sigmund
  9031 | D:6      | Learned a level 5 spell: Lee's Rapid Deconstruction
  9714 | D:7      | Reached * piety under Vehumet
  9714 | D:7      | Offered knowledge of Shock by Vehumet.
 11064 | D:7      | Reached skill level 5 in Conjurations
 11124 | D:8      | Reached XP level 10. HP: 53/56 MP: 22/22
 11631 | D:8      | Found a hazy altar of Hepliaklqana.
 11631 | D:8      | Found a sacrificial altar of Ru.
 11931 | D:8      | Noticed a hill giant
 13073 | D:9      | You fall through a shaft for 3 floors!
 13075 | D:12     | Noticed a manticore
 13081 | D:12     | Noticed a hill giant
 13088 | D:11     | Demolished by a hill giant

Vault maps used:
D:1:      dpeg_arrival_round_c
D:2:      uniq_terence, uniq_jessica
D:3:      portal_sewer_entry_f, uniq_sigmund
D:4:      hangedman_abyss_or_decor_slice
D:5:      serial_shops, nicolae_shop_competitors_out_of_business, first_bread,
          minmay_misc_feat_square, dk_vineyard_3
D:6:      dk_rats_in_the_wall
D:8:      grunt_temple_overflow_open
D:9:      hangedman_screamer, uniq_maurice
D:11:     portal_ice_cave_entry_pillars_2
D:12:     uniq_josephine, uniq_nergalle
Temple:   regret_index_temple_chain_breaker

Skill      XL: |  1  2  3  4  5  6  7  8  9 10 |
---------------+-------------------------------+-----
Earth Magic    | 4 5 6 7 8 |  8.2
Spellcasting   | 3 4 5 6 7 8 |  8.5
Conjurations   | 2 3 5 |  5.4
Armour         | 1 2 3 4 |  4.1
Fighting       | 2 4 |  4.6
Dodging        | 2 3 4 |  4.0
Evocations     | 1 3 |  3.7
Stealth        | |  2.1
Transmutations | |  0.7

Action                   |  1- 3 |  4- 6 |  7- 9 | 10-12 || total
-------------------------+-------+-------+-------+-------++-------
Melee: Dagger            |    30 |    75 |   110 |    28 ||   243
       Hand axe          |       |       |     5 |       ||     5
 Cast: Sandblast         |    65 |    79 |    30 |       ||   174
       Stone Arrow       |       |    25 |   141 |    48 ||   214
  Use: Scroll            |       |     3 |     5 |     1 ||     9
       Potion            |       |       |       |     1 ||     1
 Stab: Sleeping          |       |     3 |       |       ||     3
  Eat: Chunk             |     3 |    10 |    18 |     5 ||    36
       Beef jerky        |       |     1 |       |       ||     1
       Fruit             |       |       |     5 |     1 ||     6
Armor: Robe              |    14 |    32 |    64 |    35 ||   145
Dodge: Dodged            |    33 |    86 |   148 |    53 ||   320
